AoeStats
← CanineSphinx22

MegaRandom

508660882Analyzed
4v4 RM · 7d ago on Sep 23, 2026· 75m 17s· 8 players
Game mode
Random Map
Map size
Large (8 player)
Population
200
Speed
Normal
Resources
Standard
Victory
Conquest
Starting age
Dark Age
Ending age
Imperial Age
RankedLock teamsTeams togetherTeam positionsShared explorationLock speedFull tech treeHidden civsTurbo modeCheats
Victory
Defeat
🇨🇿 Burgundians · Czechia
777
+13
🇳🇱 Saracens · Netherlands
771
+14
🇪🇸 Mongols · Spain
764
+14
697
+17
🇫🇷 Bohemians · France
756
-16
🇲🇦 Franks · Morocco
715
-14
🇪🇸 Byzantines · Spain
706
-14
🇵🇱 Cumans · Poland
695
-14
CanineSphinx22
0:33 Loom
12:19 Feudal Age
13:48 Horse Collar
14:02 Double-Bit Axe
24:27 Castle Age
25:21 Pikeman
26:08 Caravan
27:43 Chemistry
26:42 Murder Holes
35:56 Imperial Age
34:40 Ballistics
34:32 Masonry
34:27 Scale Mail Armor
34:27 Padded Archer Armor
34:18 Fletching
34:41 Forging
36:21 Houfnice
38:57 Wheelbarrow
39:15 Architecture
39:29 Bow Saw
39:38 Heavy Plow
40:54 Conscription
41:03 Town Watch
41:21 Elite Hussite Wagon
47:46 Halberdier
Homer Van Gogh
1:22 Loom
13:33 Feudal Age
14:54 Double-Bit Axe
15:19 Horse Collar
17:37 Wheelbarrow
17:47 Town Watch
29:52 Castle Age
28:50 Forging
28:46 Scale Barding Armor
28:34 Fletching
29:26 Stone Mining
29:27 Gold Mining
30:51 Hand Cart
30:36 Town Patrol
30:53 Heavy Plow
31:07 Bow Saw
32:03 Bodkin Arrow
32:43 Iron Casting
32:29 Chain Barding Armor
34:12 Ballistics
33:43 Heated Shot
34:07 Masonry
33:52 Murder Holes
37:05 Imperial Age
36:54 Gold Shaft Mining
38:39 Crop Rotation
39:13 Two-Man Saw
38:47 Bloodlines
37:59 Light Cavalry
40:26 Blast Furnace
40:02 Plate Barding Armor
38:57 Hussar
42:03 Conscription
41:44 Cuman Mercenaries
42:18 Steppe Husbandry
MrMch
16:33 Feudal Age
17:47 Double-Bit Axe
21:31 Castle Age
19:15 Horse Collar
19:28 Gold Mining
19:49 Stone Mining
22:35 Bow Saw
23:02 Gold Shaft Mining
23:05 Fletching
24:01 Murder Holes
24:22 Fortified Wall
29:33 Wheelbarrow
28:53 Loom
30:13 Ballistics
37:09 Imperial Age
37:48 Bodkin Arrow
39:04 Bracer
39:14 Forging
39:11 Scale Barding Armor
39:08 Padded Archer Armor
40:12 Chemistry
39:05 Guard Tower
39:01 Arrowslits
40:33 Stone Shaft Mining
42:25 Crossbowman
43:11 Thumb Ring
46:25 Iron Casting
46:11 Chain Barding Armor
46:07 Leather Archer Armor
46:48 Logistica
45:59 Elite Cataphract
48:05 Arbalester
49:18 Ring Archer Armor
51:53 Medium Warships
53:00 Plate Barding Armor
52:53 Squires
52:14 Pikeman
52:44 Arson
57:15 Cavalier
57:57 Husbandry
63:26 Scale Mail Armor
66:54 Hand Cart
68:48 Heavy Camel Rider
GLORY MUSTAF
6:59 Loom
11:17 Feudal Age
12:04 Double-Bit Axe
18:16 Castle Age
19:38 Bow Saw
27:04 Squires
26:25 Pikeman
32:13 Ordonnance Companies
39:07 Imperial Age
37:26 Husbandry
36:47 Light Cavalry
38:18 Gold Mining
39:54 Chivalry
39:18 Cavalier
40:12 Scale Mail Armor
40:23 Forging
40:20 Scale Barding Armor
43:30 Chain Barding Armor
43:25 Chain Mail Armor
43:46 Iron Casting
47:19 Paladin
49:23 Conscription
50:26 Halberdier
50:51 Arson
50:57 Paladin
52:14 Gambesons
51:49 Man-at-Arms
59:06 Plate Mail Armor
59:37 Blast Furnace
59:18 Plate Barding Armor
Stanislaus1234
9:36 Feudal Age
14:38 Castle Age
13:50 Double-Bit Axe
16:07 Wheelbarrow
18:59 Horse Collar
24:11 Loom
25:33 Hand Cart
28:02 Bow Saw
28:29 Caravan
31:37 Padded Archer Armor
32:45 Fortified Wall
34:38 Nomads
35:05 Town Watch
37:54 Imperial Age
36:31 Husbandry
37:34 Heavy Plow
39:40 Chemistry
39:06 Conscription
39:17 Stone Mining
39:45 Forging
39:51 Leather Archer Armor
40:45 Gold Mining
40:54 Town Watch
41:50 Iron Casting
42:14 Gold Shaft Mining
42:17 Stone Shaft Mining
41:10 Elite Mangudai
42:34 Bloodlines
42:41 Town Patrol
43:47 Blast Furnace
43:27 Ballistics
42:36 Capped Ram
42:44 Onager
44:07 Drill
44:31 Siege Ram
48:09 Heavy Camel Rider
51:10 Light Cavalry
52:17 Hussar
53:32 Siege Onager
58:18 Scale Barding Armor
59:19 Elite Steppe Lancer
Wota
2:05 Loom
9:54 Wheelbarrow
12:25 Feudal Age
11:29 Fishing Lines
13:32 Double-Bit Axe
13:31 Horse Collar
15:44 Bow Saw
16:35 Heavy Plow
16:54 Gillnets
21:42 Castle Age
20:14 Caravan
22:01 Hand Cart
21:31 Town Watch
22:01 Forging
22:59 Crop Rotation
24:54 Iron Casting
24:25 Scale Barding Armor
24:23 Husbandry
27:42 Two-Man Saw
26:33 Cavalier
28:29 Burgundian Vineyards
31:31 Man-at-Arms
31:58 Arson
32:13 Squires
35:34 Imperial Age
32:49 Long Swordsman
34:23 Scale Mail Armor
37:23 Blast Furnace
38:34 Capped Ram
38:37 Two-Handed Swordsman
41:51 Conscription
44:32 Paladin
CEO of swag
7:23 Loom
14:30 Feudal Age
15:14 Double-Bit Axe
15:11 Horse Collar
23:06 Castle Age
21:52 Gold Mining
21:56 Stone Mining
22:36 Forging
25:19 Gold Shaft Mining
25:10 Scale Barding Armor
25:54 Heavy Plow
25:39 Fishing Lines
28:32 Medium Warships
28:13 Pikeman
28:40 Arson
28:56 Squires
30:06 Wheelbarrow
34:01 Hand Cart
34:49 Gillnets
37:23 Ballistics
37:15 Masonry
40:48 Imperial Age
38:08 Town Watch
40:28 Bow Saw
41:26 Chain Barding Armor
41:42 Iron Casting
42:28 Chemistry
41:59 Heavy Warships
42:39 Town Patrol
44:50 Two-Man Saw
45:11 Conscription
44:14 Elite Mameluke
45:30 Hoardings
46:06 Blast Furnace
45:16 Elite Cannon Galleon
46:04 Siege Engineers
46:48 Plate Barding Armor
48:26 Fortified Wall
48:12 Murder Holes
48:03 Arrowslits
49:33 Fletching
49:48 Husbandry
49:59 Bloodlines
49:10 Heavy Camel Rider
53:28 Capped Ram
53:32 Light Cavalry
55:40 Siege Ram
55:46 Hussar
66:14 Bodkin Arrow
67:56 Caravan
72:34 Bracer
72:37 Padded Archer Armor
游泳健身了解下
12:56 Feudal Age
17:01 Castle Age
19:02 Double-Bit Axe
20:46 Wheelbarrow
20:26 Bow Saw
24:15 Horse Collar
26:23 Hand Cart
27:24 Fishing Lines
28:44 Loom
29:29 Scale Barding Armor
29:35 Forging
32:26 Imperial Age
31:03 Gold Mining
31:03 Stone Mining
33:00 Stone Shaft Mining
32:28 Gillnets
32:34 Gillnets
35:43 Iron Casting
35:29 Chain Barding Armor
35:09 Scale Mail Armor
34:56 Elite Jarl
34:59 Gothikon
35:01 Vendel Legacy
36:02 Conscription
35:59 Bloodlines
35:50 Husbandry
37:23 Ballistics
38:04 Chemistry
37:11 Siege Engineers
37:17 Masonry
37:38 Heavy Plow
38:43 Two-Man Saw
38:57 Blast Furnace
38:32 Plate Barding Armor
38:58 Treadmill Crane
39:12 Heated Shot
39:37 Fortified Wall
39:18 Guard Tower
39:19 Town Watch
39:40 Caravan
39:35 Fletching
39:45 Padded Archer Armor
40:01 Chain Mail Armor
40:46 Atonement
40:57 Fervor
40:50 Devotion
41:16 Illumination
40:46 Herbal Medicine
41:26 Theocracy
43:19 Faith
43:42 Plate Mail Armor
43:27 Leather Archer Armor
43:08 Bodkin Arrow
43:09 Light Cavalry
43:43 Gambesons
44:01 Squires
43:46 Arson
45:53 Guilds
47:22 Town Patrol
48:04 Crop Rotation
71:56 Bracer
72:27 Ring Archer Armor
Connection lost

Rejoining the realm…

Still unreachable

The connection could not be restored.

Session expired

The server has moved on; the page needs a fresh start.